Map: Dusk Towers

Players

MorN - Winner!

  • Race: Terran Terran
  • League: Master

A.I. 1 (Very Hard)

  • Race: Zerg Zerg

VOD

Have the link to the VOD?

Description

Time

  • Played on: Dec. 23, 2015, 7:39 p.m.
  • Length: 9:57
Show
View Real Time Build Order
Export as new Build Order

MorN Terran - Winner!

Build Orders: Command Center First (CC), Liberator Opening, MMM Bio 

Get SALT Encoding   

  12  0:00  SCV  
  13  0:13  SCV  
  14  0:17  Supply Depot  
  14  0:25  SCV  
  15  0:39  SCV  
  16  0:56  Command Center  
  16  1:02  SCV  
  17  1:06  Refinery  
  17  1:15  SCV  
  18  1:19  Barracks  
  18  1:28  SCV  
  19  1:41  SCV  
  20  1:53  SCV  
  21  2:07  Marine  
  22  2:08  Orbital Command x2  
  22  2:11  Factory  
  22  2:18  Refinery  
  22  2:26  Barracks Reactor  
  22  2:37  SCV x2  
  24  2:49  SCV x2  
  26  2:55  Supply Depot  
  26  3:01  SCV x2  
  26  3:02  Starport  
  28  3:11  Hellion  
  28  3:12  Hellion, Barracks Tech Lab  
  32  3:13  SCV x2  
  34  3:25  SCV  
  34  3:26  Command Center  
  35  3:34  SCV  
  35  3:35  Hellion x2  
  35  3:38  Supply Depot  
  35  3:39  SCV  
  41  3:44  Fusion Core  
  41  3:46  SCV  
  42  3:54  Barracks Reactor  
  42  3:56  SCV, Liberator  
  42  3:58  SCV  
  44  4:04  Hellion x2  
  44  4:08  SCV  
  49  4:10  SCV  
  49  4:11  Supply Depot  
  53  4:20  SCV  
  54  4:27  SCV  
  54  4:30  Advanced Ballistics  
  53  4:32  SCV  
  54  4:40  SCV, Barracks, Orbital Command  
  54  4:42  Refinery  
  54  4:43  Refinery, Barracks  
  55  4:46  Factory Reactor  
  55  4:50  SCV  
  55  4:52  SCV, Marine x2  
  59  4:55  Liberator  
  59  5:00  Supply Depot  
  59  5:02  SCV  
  59  5:04  Supply Depot, SCV  
  61  5:08  Engineering Bay  
  61  5:09  SCV, Engineering Bay  
  65  5:18  Supply Depot  
  65  5:22  SCV  
  65  5:23  SCV  
  67  5:30  SCV  
  67  5:33  Factory Reactor  
  68  5:36  SCV  
  68  5:38  Supply Depot  
  68  5:41  Marine x4  
  68  5:42  Marine x2  
  73  5:43  SCV  
  73  5:44  SCV  
  73  5:46  Supply Depot  
  73  5:48  Terran Infantry Weapons Level 1, SCV, Terran Infantry Armor Level 1  
  73  5:49  Supply Depot  
  76  6:02  Orbital Command  
  76  6:05  SCV  
  76  6:09  Supply Depot  
  76  6:10  Stimpack, Marine  
  76  6:11  Marine x3, Widow Mine, Marauder  
  80  6:12  Widow Mine  
  80  6:13  Medivac  
  80  6:14  Medivac  
  91  6:29  SCV x3  
  91  6:30  Marine x3  
  91  6:32  Marauder  
  99  6:33  Marine  
  100  6:44  Barracks  
  100  6:47  Barracks  
  100  6:48  Marine  
  100  6:49  Marine x2  
  100  6:50  Marine, Medivac x2  
  100  6:53  SCV x2, Marauder, Supply Depot  
  112  6:55  Refinery  
  112  6:59  Refinery  
  112  7:03  SCV  
  112  7:05  Armory, SCV  
  112  7:06  Supply Depot  
  112  7:07  Supply Depot  
  114  7:14  SCV  
  114  7:15  SCV, Marauder  
  118  7:17  Supply Depot  
  118  7:34  Marine x2  
  118  7:35  Marine x2  
  118  7:36  Barracks Reactor x2  
  122  7:37  SCV  
  119  7:45  Supply Depot  
  119  7:46  Medivac x2  
  119  7:47  Supply Depot  
  119  7:48  SCV  
  124  7:59  Command Center  
  124  8:05  SCV x2  
  126  8:06  Supply Depot, Marine x5  
  126  8:11  Combat Shields  
  126  8:12  Marine x2  
  131  8:16  Widow Mine x2  
  131  8:17  Marine x2  
  131  8:19  Medivac  
  141  8:24  Marauder  
  143  8:36  Supply Depot  
  143  8:38  Supply Depot, Marine x8  
  151  8:43  Medivac  
  151  8:45  Barracks x2, Widow Mine x2  
  151  8:46  Marauder  
  151  8:47  Barracks  
  159  8:49  Medivac  
  161  9:08  Marine  
  161  9:09  Marine x8  
  170  9:11  Supply Depot  
  170  9:13  Planetary Fortress  
  170  9:26  Marine x5  
  170  9:27  Marine x4  
  179  9:34  Barracks Tech Lab x2  
  179  9:35  Barracks Tech Lab  
  179  9:37  Ghost Academy  
Show
View Real Time Build Order
Export as new Build Order

A.I. 1 (Very Hard) Zerg 

Build Orders: Hatch First 

Get SALT Encoding   

  12  0:00  Drone  
  13  0:12  Overlord  
  13  0:17  Drone  
  14  0:30  Drone x2  
  14  0:34  Drone  
  17  0:54  Hatchery  
  17  0:55  Drone  
  17  1:13  Spawning Pool  
  17  1:14  Drone, Extractor  
  17  1:18  Drone  
  17  1:21  Drone  
  18  1:27  Drone  
  19  1:38  Overlord  
  19  1:49  Drone  
  20  1:59  Zergling x2, Queen  
  23  2:06  Drone  
  23  2:07  Queen  
  26  2:14  Drone  
  27  2:28  Roach Warren  
  26  2:31  Drone  
  26  2:34  Extractor  
  26  2:36  Drone  
  27  2:43  Overlord  
  27  2:46  Drone  
  27  2:49  Drone  
  29  2:52  Drone  
  29  2:55  Drone  
  31  2:59  Drone  
  31  3:04  Zergling x2  
  33  3:06  Zergling x2  
  33  3:09  Roach  
  36  3:14  Roach  
  36  3:17  Roach  
  40  3:21  Roach  
  40  3:23  Drone  
  40  3:26  Drone  
  44  3:31  Overlord  
  44  3:38  Lair  
  44  3:43  Metabolic Boost  
  44  3:49  Drone  
  44  3:50  Drone  
  44  3:52  Drone  
  44  3:54  Drone  
  48  3:57  Drone  
  48  3:59  Drone  
  48  4:02  Drone  
  51  4:05  Overlord  
  51  4:08  Drone  
  52  4:13  Evolution Chamber, Drone  
  52  4:19  Evolution Chamber, Drone  
  52  4:23  Drone x2  
  54  4:25  Zergling x2  
  54  4:30  Drone  
  55  4:32  Drone  
  55  4:34  Drone  
  55  4:36  Drone  
  58  4:39  Zerg Missile Weapons Level 1  
  58  4:41  Drone, Infestation Pit  
  58  4:47  Zerg Ground Armor Level 1  
  58  4:50  Overlord  
  58  4:53  Overlord  
  58  4:55  Drone  
  58  4:57  Zergling x2  
  60  5:08  Drone, Roach, Extractor  
  60  5:10  Roach  
  60  5:11  Drone, Hydralisk Den  
  60  5:13  Drone  
  65  5:15  Drone  
  65  5:17  Overlord  
  65  5:20  Drone  
  67  5:28  Extractor  
  67  5:29  Drone  
  67  5:31  Drone x3  
  67  5:34  Infestor  
  72  5:37  Roach  
  72  5:40  Drone  
  71  5:45  Overlord, Roach x2  
  71  5:47  Drone  
  73  5:50  Drone  
  73  5:52  Hydralisk, Roach  
  73  5:53  Drone  
  77  5:57  Hydralisk  
  77  6:02  Zergling x2  
  76  6:09  Zergling x2  
  72  6:12  Drone  
  72  6:17  Infestor  
  72  6:18  Drone, Roach  
  71  6:21  Roach  
  71  6:23  Roach  
  71  6:25  Drone x2, Roach  
  72  6:31  Hydralisk  
  67  6:35  Zergling x2  
  63  6:41  Hydralisk  
  63  6:46  Drone  
  58  6:49  Drone x2, Roach  
  61  6:54  Drone  
  61  6:56  Drone x2  
  57  7:02  Drone  
  57  7:07  Drone  
  45  7:10  Drone  
  45  7:14  Drone  
  40  7:19  Drone  
  34  7:22  Zergling x2  
  34  7:27  Zergling x2  
  32  7:31  Drone  
  32  7:36  Drone  
  31  7:41  Drone  
  27  7:47  Drone  
  21  7:54  Drone  
  22  8:02  Roach  
  24  8:07  Roach  
  26  8:13  Roach  
  26  8:16  Zergling x2  
  26  8:19  Zergling x2  
  28  8:23  Drone  
  25  8:28  Roach  
  25  8:32  Roach  
  27  8:36  Zergling x2  
  22  8:46  Overlord  
  22  8:53  Drone x2  
  9  9:22  Overlord  
Tags
 
Add a new tag
Caveats
  • Supply blocks, unpowered buildings, or Contaminate may cause inaccurate times.
  • Supply counts are checked every 10 seconds.